 Dungeon Crawl Stone Soup version 0.27-a0-808-g60bc5d92e6 (webtiles) character file.

Game seed: 9461921876539546103

53 dolemite99 the Grave Robber (level 3, 0/19 HPs)
             Began as a Deep Elf Necromancer on Mar 29, 2021.
             Slain by a kobold brigand
             ... wielding a +0 short sword
              (6 damage)
             ... on level 2 of the Dungeon.
             The game lasted 00:02:38 (2368 turns).

dolemite99 the Grave Robber (Deep Elf Necromancer)  Turns: 2368, Time: 00:02:38

Health: 0/19       AC:  2    Str:  5    XL:     3   Next: 64%
Magic:  2/9        EV: 12    Int: 20    God:
Gold:   19         SH:  0    Dex: 15    Spells: 6/8 levels left

rFire    . . .     SeeInvis .   j - +0 spear
rCold    . . .     Faith    .   (no shield)
rNeg     . . .     Spirit   .   a - +0 robe
rPois    .         Reflect  .   (no helmet)
rElec    .         Harm     .   (no cloak)
rCorr    .         Rampage  .   (no gloves)
Will     .....                  (no boots)
Stlth    ++........             (no amulet)
HPRegen  0.06/turn              (no ring)
MPRegen  0.11/turn              (no ring)

@: very slightly contaminated
A: no striking features
a: no special abilities


You were on level 2 of the Dungeon.
You visited 1 branch of the dungeon, and saw 2 of its levels.

You collected 58 gold pieces.
You spent 39 gold pieces at shops.

Inventory:

Hand Weapons
 c - a +0 dagger
 j - a +0 spear (weapon)
 p - a +0 hunting sling
Missiles
 b - 57 stones
 h - 15 arrows
 i - 11 poisoned darts (quivered)
 k - 30 sling bullets
Armour
 a - a +0 robe (worn)
 g - a +0 leather armour
Scrolls
 d - a scroll of noise {unknown}
 m - a scroll of identify {unknown}
Potions
 e - a potion of heal wounds {unknown}
 f - a potion of lignification {unknown}
 l - a potion of ambrosia {unknown}
 n - 2 potions of cancellation {unknown}


   Skills:
 - Level 2.4 Dodging
 - Level 2.4 Stealth
 - Level 3.0 Spellcasting
 + Level 6.5 Necromancy


You had 6 spell levels left.
You knew the following spells:

 Your Spells              Type           Power      Damage    Failure   Level
a - Pain                  Necr           100%       1d9       1%          1
b - Animate Skeleton      Necr           58%        N/A       1%          1

Your spell library contained the following spells:

 Spells                   Type           Power      Damage    Failure   Level
 Vampiric Draining        Necr           14%        2d8       3%          3
 Animate Dead             Necr           14%        N/A       10%         4
 Agony                    Necr           29%        N/A       26%         5


Dungeon Overview and Level Annotations

Branches:
Dungeon (1/15)

Altars:
Uskayaw

Shops:
D:1 :   D:2 !


Message History

You are poisoned.
Casting: Pain (safe; 1% risk of failure)
Confirm with . or Enter, or press ? or * to list all spells.
Aiming: Pain (safe; 1% risk of failure)
Press: ? - help, Shift-Dir - straight line, f - kobold brigand
Aim: a kobold brigand, wielding a +0 short sword and quivering poisoned darts (chance to affect: 84%)
The kobold brigand writhes in agony!
You feel sick.
Casting: Pain (safe; 1% risk of failure)
Confirm with . or Enter, or press ? or * to list all spells.
Aiming: Pain (safe; 1% risk of failure)
Press: ? - help, Shift-Dir - straight line, f/p - kobold brigand
Aim: a kobold brigand, wielding a +0 short sword and quivering poisoned darts (moderately wounded, chance to affect: 84%)
You miscast Pain.
You are very lightly contaminated with residual magic.
Nothing appears to happen.
You feel sick.
Casting: Pain (safe; 1% risk of failure)
Confirm with . or Enter, or press ? or * to list all spells.
Aiming: Pain (safe; 1% risk of failure)
Press: ? - help, Shift-Dir - straight line, f/p - kobold brigand
Aim: a kobold brigand, wielding a +0 short sword and quivering poisoned darts (moderately wounded, chance to affect: 84%)
The kobold brigand writhes in agony.
You feel sick. The kobold brigand closely misses you.
Casting: Pain (safe; 1% risk of failure)
Confirm with . or Enter, or press ? or * to list all spells.
Aiming: Pain (safe; 1% risk of failure)
Press: ? - help, Shift-Dir - straight line, f/p - kobold brigand
Aim: a kobold brigand, wielding a +0 short sword and quivering poisoned darts (moderately wounded, chance to affect: 84%)
The kobold brigand writhes in agony.
You feel sick.
The kobold brigand hits you with a +0 short sword.
* * * LOW HITPOINT WARNING * * *
You feel better.
The kobold brigand hits you with a +0 short sword!
Casting: Pain (safe; 1% risk of failure)
Confirm with . or Enter, or press ? or * to list all spells.
Aiming: Pain (safe; 1% risk of failure)
Press: ? - help, Shift-Dir - straight line, f/p - kobold brigand
Aim: a kobold brigand, wielding a +0 short sword and quivering poisoned darts (moderately wounded, chance to affect: 84%)
The kobold brigand writhes in agony.
The kobold brigand hits you with a +0 short sword.
You die...

....####.##..#
.#### #....## ##
##....### .##
#.##...# ..# ###
#.####.### #.###.#
### ##..# <...#.#
#### ##.# ###...#
.?... #.# #...#
..KK.###@# ###.#
.._)..'K.### ##.#
.....##....# ###..#
..... ####.# #....#
#### #.#
#.##.############.#
...
##..)...##.....# ..
######.######## #
#.###


You could see a kobold brigand.

Vanquished Creatures
  A gnoll (D:1)
  A worm (D:2)
  2 dart slugs (D:1)
  2 ball pythons (D:1)
  2 endoplasms (D:1)
  A giant cockroach (D:1)
  5 goblins
  3 hobgoblins (D:1)
  5 jackals (D:1)
  A quokka (D:1)
  A bat (D:2)
  2 frilled lizards (D:1)
  5 kobolds
31 creatures vanquished.

Notes
Turn   | Place    | Note
-------+----------+-------------------------------------------
     0 | D:1      | dolemite99 the Deep Elf Necromancer began the quest for the
                  | Orb.
     0 | D:1      | Reached XP level 1. HP: 10/10 MP: 6/6
   324 | D:1      | Reached skill level 5 in Necromancy
   582 | D:1      | Reached XP level 2. HP: 12/15 MP: 5/8
  1192 | D:1      | Learned a level 1 spell: Animate Skeleton
  1202 | D:1      | Reached skill level 6 in Necromancy
  1213 | D:1      | Reached XP level 3. HP: 7/19 MP: 2/9
  1936 | D:1      | Found Myliecw's Book Shop.
  2072 | D:1      | You fall into a shaft and drop 1 floor!
  2303 | D:2      | Found Quiniuj's Distillery.
  2306 | D:2      | Bought a potion of curing for 39 gold pieces
  2347 | D:2      | Found a hide-covered altar of Uskayaw.
  2347 | D:2      | Noticed a kobold brigand
  2368 | D:2      | Slain by a kobold brigand

Illustrated notes

Levels and vault maps discovered:
D:1:      dpeg_arrival_water_altar, layout_basic, serial_shops, shop
D:2:      layout_rooms, nicolae_uskayaw_dance_studio, serial_shops, shop

Skill      XL: |  1  2 |
---------------+-------+-----
Necromancy     | 5 6 |  6.5
Dodging        | |  2.4
Stealth        | |  2.4
Spellcasting   | |  3.0

Action                   || total
-------------------------++-------
Melee: Dagger            ||     2
       Spear             ||     5
Throw: Dart              ||     3
 Cast: Pain              ||    59
       Animate Skeleton  ||     8
  Use: Potion            ||     1
Armor: Robe              ||     4
Dodge: Dodged            ||    16

Table legend: (Time is in decaauts)
 A = Elapsed time spent in this place.
 B = Non-inter-level travel time spent in this place.
 C = Inter-level travel time spent in this place.
 D = Time resting spent in this place.
 E = Time spent auto-exploring this place.
 F = Levels seen in this place.
 G = Mean time per level.
                   A        B        C        D        E       F      G
               +--------+--------+--------+--------+--------+-----+--------+
         Total |   2367 |   2367 |      0 |   1378 |    684 |   2 | 1183.5 |
       Dungeon |   2367 |   2367 |      0 |   1378 |    684 |   2 | 1183.5 |
               +--------+--------+--------+--------+--------+-----+--------+

Top non-repeatable levels by time:
     D:1: 2071 daAuts
     D:2: 295 daAuts
